 Dungeon Crawl Stone Soup version 0.28-a0-46-g7b1be97da7 (webtiles) character file.

Game seed: 16578205343080191205

358 dmks the Magician (level 6, -6/40 HPs)
             Began as a Djinni Fire Elementalist on July 30, 2021.
             Was an Initiate of Makhleb.
             Mangled by Menkaure (17 damage)
             ... in an ossuary.
             The game lasted 00:13:43 (5506 turns).

dmks the Magician (Djinni Fire Elementalist)        Turns: 5506, Time: 00:13:44

Health: -6/40      AC:  4    Str:  7    XL:     6   Next: 97%
Gold:   122        EV: 13    Int: 18    God:    Makhleb [......] SH:  0 Dex: 14

rFire   + + +      SeeInvis .   (no weapon)
rCold   x . .      Faith    .   (no shield)
rNeg    . . .      Spirit   .   a - +0 robe
rPois   ∞          Reflect  .   h - +0 helmet
rElec   .          Harm     .   n - +0 cloak
rCorr   .          Rampage  .   (no gloves)
Will    .....                   (boots unavailable)
Stlth   ++........              (no amulet)
HPRegen 0.13/turn               i - ring of protection from fire
MPRegen 0.00/turn               (no ring)

@: brilliant, flying
A: sickness immunity, fire resistance 2, cold vulnerability 1, float, innate
caster, hp casting, extra vitality 1
a: Renounce Religion


You were in an ossuary.
You worshipped Makhleb.
Makhleb was noncommittal.
You visited 1 branch of the dungeon, and saw 4 of its levels.
You also visited: Ossuary.

You collected 122 gold pieces.

Inventory:

Armour
 a - a +0 robe (worn)
 h - a +0 helmet (worn)
   (You found it on level 3 of the Dungeon)
 n - a +0 cloak (worn)
   (You found it on level 3 of the Dungeon)
Jewellery
 i - a ring of protection from fire (left hand)
   (You found it on level 4 of the Dungeon)
 o - a +4 ring of protection
   (You found it on level 4 of the Dungeon)
Scrolls
 b - a scroll of magic mapping {unknown}
 f - 2 scrolls of identify {@r1}
 g - a scroll of teleportation {unknown}
 k - a scroll of holy word {unknown}
 l - a scroll of torment {unknown}
Potions
 e - a potion of resistance {unknown}
 j - a potion of flight
 m - a potion of lignification {unknown}


   Skills:
 + Level 4.1 Dodging
 + Level 3.3 Stealth
 * Level 4.3 Spellcasting


You couldn't memorise any spells.
You knew the following spells:

 Your Spells              Type           Power      Damage    Failure   Level
a - Foxfire               Conj/Fire      100%       2x1d9     2%          1
b - Inner Flame           Hex/Fire       29%        N/A       8%          3
c - Pain                  Necr           100%       1d9       2%          1
d - Conjure Flame         Conj/Fire      29%        6-21      8%          3
q - Sticky Flame          Conj/Fire      29%        2d5       24%         4
s - Searing Ray           Conj           58%        3d5       3%          2
x - Fireball              Conj/Fire      14%        3d8       56%         5
Your spell library was empty.

Dungeon Overview and Level Annotations

Branches:
Dungeon (4/15)            Ossuary (1/1)
 Temple: D:4-7

Altars:
Makhleb
Wu Jian

Shops:
D:4 ***

Annotations:
Ossuary Menkaure


Innate Abilities, Weirdness & Mutations

You are immune to sickness and miasma.
You are immune to poison.
Your flesh is very heat resistant. (rF++)
You are vulnerable to cold. (rC-)
You float through the air rather than walking.
You learn spells naturally, not from books.
Your magical power is your life essence.
You have superior vitality. (+4 HP)


Message History

It was a potion of flight.
You feel more buoyant.
As you read the scroll labelled ZOACWUG DYXEDY, it crumbles to dust.
It is a scroll of identify.
c - a potion of brilliance You conjure some foxfire!
The foxfire hits the mummy but does no damage.
Aim: a mummy (89% to hit)
The searing ray hits the mummy! (Press . to maintain the ray.)
There are no items here.
The searing ray hits the mummy!
The searing ray hits the mummy!
You destroy the mummy!
Makhleb accepts your kill.
Menkaure hums drily.
Restarting spell: Searing Ray (safe; 3% risk of failure)
Aim: a mummy (89% to hit)
The searing ray hits the mummy. (Press . to maintain the ray.)
The searing ray hits Menkaure!
Menkaure calls on the powers of darkness!
Your body is wracked with pain!
* * * LOW HITPOINT WARNING * * *
The searing ray hits Menkaure.
The searing ray hits the mummy!
* * * LOW HITPOINT WARNING * * *
You feel clever all of a sudden.
Aim: a mummy (heavily damaged, 90% to hit)
You feel a surge of power!
The searing ray hits the mummy. (Press . to maintain the ray.)
* * * LOW HITPOINT WARNING * * *
Menkaure closely misses you. The mummy hits you!
* * * LOW HITPOINT WARNING * * *
You feel better.
Menkaure gestures at you while chanting.
You struggle to resist.
Aim: a mummy (severely damaged, 90% to hit)
You feel a surge of power!
The searing ray hits the mummy. (Press . to maintain the ray.)
* * * LOW HITPOINT WARNING * * *
The mummy closely misses you. Menkaure barely misses you.
Aim: a mummy (almost destroyed, 90% to hit)
You feel a surge of power!
The searing ray hits Menkaure.
The searing ray hits the mummy!
You destroy the mummy!
Makhleb accepts your kill. (Press . to maintain the ray.)
* * * LOW HITPOINT WARNING * * *
Menkaure hits you!
You die...

.?!$M!..#....#.'..#
!$∩M!..########..#
!MM?..#....'.#..#
M!...#....#.#..#
....#....#.'..#
.M.#....###..#
###'#######.#..#
#..M.#....#.#..#
#.@..#....'.'..#
#....#....###..#
#....#....#.#..#
##'########.#..#
#...#...#...#..#
###+###'###'###'###..#
.....................#
....................∩#
######################


You could see Menkaure and a mummy.

Vanquished Creatures
  A water moccasin skeleton (D:4)
  2 centaur zombies (Ossuary)
  A hound (D:4)
  An orc priest (D:2)
  2 orc wizards
  2 mummies (Ossuary)
  3 adders
  An adder zombie (Ossuary)
  2 worms
  A dart slug (D:1)
  7 orcs
  4 bats
  5 endoplasms
  4 giant cockroaches
  A goblin (D:2)
  2 hobgoblins (D:1)
  11 jackals
  4 kobolds
  2 quokkas
  4 ball pythons
  5 frilled lizards
  2 goblin zombies (Ossuary)
  A hobgoblin zombie (Ossuary)
  2 quokka zombies (Ossuary)
  5 rats
  2 rat zombies (Ossuary)
77 creatures vanquished.

Vanquished Creatures (others)
  161 foxfires
161 creatures vanquished.

Grand Total: 238 creatures vanquished

Notes
Turn   | Place    | Note
-------+----------+-------------------------------------------
     0 | D:1      | dmks the Djinni Fire Elementalist began the quest for the
                  | Orb.
     0 | D:1      | Reached XP level 1. HP: 15/15 MP: 0/0
   252 | D:1      | Reached XP level 2. HP: 19/21 MP: 0/0
   929 | D:1      | Found a faded altar of an unknown god.
  1265 | D:2      | Reached XP level 3. HP: 22/25 MP: 0/0
  1265 | D:2      | Learned a level 1 spell: Pain
  2498 | D:2      | Reached XP level 4. HP: 29/31 MP: 0/0
  2901 | D:2      | HP: 1/31 [something (3)]
  3222 | D:2      | Reached XP level 5. HP: 16/35 MP: 0/0
  3222 | D:2      | Learned a level 2 spell: Searing Ray
  4321 | D:3      | Found an ornate altar of the Wu Jian Council.
  4654 | D:4      | Found Byanumou's Assorted Antiques.
  4658 | D:4      | Found Tecremas's Specific Store.
  4661 | D:4      | Found Tieq's General Store.
  4666 | D:4      | Found a burning altar of Makhleb.
  4671 | D:4      | Reached XP level 6. HP: 37/40 MP: 0/0
  4679 | D:4      | Became a worshipper of Makhleb the Destroyer
  4854 | D:4      | Found a sand-covered staircase.
  4865 | Ossuary  | Entered an ossuary
  5489 | Ossuary  | Noticed Menkaure
  5506 | Ossuary  | Mangled by Menkaure

Illustrated notes

Levels and vault maps discovered:
D:1:      grunt_arrival_crossed_arrows, layout_loops_cross,
          basic_ecumenical_altar, kennysheep_boxes
D:2:      minmay_chambers_of_ones, layout_loops_cross, mrwooster_statue_mirror,
          st_stairs_2
D:3:      layout_basic, nzn_wu_jian_contemplation
D:4:      layout_basic, makhleb_heckhound_becter, jmf_multi_god_temple2,
          mainiacjoe_overflow_alcove_4, serial_shops, nicolae_diamond_shop,
          chequers_ossuary_entry_cave, nicolae_specific_store,
          grunt_ministairs_15
Ossuary:  ossuary_boxes_badplayer

Skill      XL: |  1  2  3  4  5  6 |
---------------+-------------------+-----
Stealth        | 2 3 |  3.3
Spellcasting   | 3 4 |  4.3
Dodging        | 3 4 |  4.1

Action                   |  1- 3 |  4- 6 || total
-------------------------+-------+-------++-------
Melee: Unarmed           |       |     1 ||     1
 Cast: Foxfire           |    54 |    67 ||   121
       Searing Ray       |       |    25 ||    25
  Use: Scroll            |     2 |     1 ||     3
       Potion            |       |     4 ||     4
Armor: Robe              |     9 |    30 ||    39
Dodge: Dodged            |    22 |    68 ||    90

Table legend: (Time is in decaauts)
 A = Elapsed time spent in this place.
 B = Non-inter-level travel time spent in this place.
 C = Inter-level travel time spent in this place.
 D = Time resting spent in this place.
 E = Time spent auto-exploring this place.
 F = Levels seen in this place.
 G = Mean time per level.
                   A        B        C        D        E       F      G
               +--------+--------+--------+--------+--------+-----+--------+
         Total |   5510 |   5384 |    126 |   1874 |   2871 |   5 | 1102.0 |
       Dungeon |   4869 |   4743 |    126 |   1703 |   2485 |   4 | 1217.2 |
       Ossuary |    640 |    640 |      0 |    171 |    386 |   1 |  640.0 |
               +--------+--------+--------+--------+--------+-----+--------+

Top non-repeatable levels by time:
     D:2: 2134 daAuts
     D:3: 1278 daAuts
     D:1: 1246 daAuts
 Ossuary: 640 daAuts
     D:4: 210 daAuts
